 Dungeon Crawl Stone Soup version 0.27.1-3-gb3d3a73c9e (webtiles) character file.

Game seed: 8790586350269657243

904 CuBeRJAN3 the Skirmisher (level 8, -3/48 HPs)
             Began as a Gargoyle Fire Elementalist on Oct 8, 2021.
             Slain by a killer bee (5 damage)
             ... on level 6 of the Dungeon.
             The game lasted 00:14:54 (5702 turns).

CuBeRJAN3 the Skirmisher (GrFE)                     Turns: 5702, Time: 00:14:54

Health: -3/48      AC:  7    Str: 11    XL:     8   Next: 8%
Magic:  14/14      EV: 11    Int: 19    God:
Gold:   264        SH:  0    Dex: 10    Spells: 2/15 levels left

rFire    + . .     SeeInvis .   e - +1 hand axe
rCold    x . .     Faith    .   (no shield)
rNeg     + . .     Spirit   .   a - +0 robe
rPois    ∞         Reflect  .   (no helmet)
rElec    +         Harm     .   (no cloak)
rCorr    .         Rampage  .   (no gloves)
Will     .....                  (no boots)
Stlth    ++........             f - amulet of magic regeneration
HPRegen  0.16/turn              k - ring of flight
MPRegen  0.39/turn              t - ring of fire

@: flying, hasted, very quick
A: sickness immunity, AC +5, negative energy resistance 1, electricity
resistance, torment resistance 1, petrification resistance
a: no special abilities


You were on level 6 of the Dungeon.
You visited 1 branch of the dungeon, and saw 6 of its levels.

You collected 264 gold pieces.

Inventory:

Hand Weapons
 e - a +1 hand axe (weapon)
Armour
 a - a +0 robe (worn)
Jewellery
 f - an amulet of magic regeneration (around neck)
 k - a ring of flight (left hand)
 t - a ring of fire (right hand)
Wands
 s - a wand of polymorph (8)
Scrolls
 g - a scroll of noise
 l - 5 scrolls of magic mapping
 o - a scroll of vulnerability
 q - a scroll of immolation {unknown}
Potions
 b - a potion of flight
 c - a potion of might
 d - a potion of magic {unknown}
 h - a potion of haste
 i - a potion of cancellation {unknown}
 j - a potion of degeneration {unknown}
 m - a potion of invisibility {unknown}
 n - a potion of lignification
 p - a potion of mutation


   Skills:
 * Level 4.5 Fighting
 + Level 2.3 Axes
 - Level 1.5 Dodging
 - Level 2.1 Stealth
 * Level 4.4 Spellcasting
 + Level 3.3 Conjurations
 - Level 2.0 Hexes
 + Level 2.0 Translocations
 + Level 4.2 Fire Magic


You had 2 spell levels left.
You knew the following spells:

 Your Spells              Type           Power      Damage    Failure   Level
a - Foxfire               Conj/Fire      100%       2x1d9     2%          1
b - Conjure Flame         Conj/Fire      27%        6-21      9%          3
c - Inner Flame           Hex/Fire       24%        N/A       11%         3
d - Sticky Flame          Conj/Fire      27%        2d5       28%         4
e - Slow                  Hex            12%        N/A       9%          2

Your spell library contained the following spells:

 Spells                   Type           Power      Damage    Failure   Level
 Confusing Touch          Hex            12%        N/A       17%         3
 Frozen Ramparts          Ice            8%         1d2       36%         3
 Cause Fear               Hex            6%         N/A       50%         4
 Fireball                 Conj/Fire      13%        3d7       61%         5
 Ice Form                 Ice/Tmut       4%         N/A       78%         4
 Summon Ice Beast         Ice/Summ       4%         N/A       78%         4
 Yara's Violent Unravell  Hex/Tmut       4%         3d4       94%         5
 Dispersal                Tloc           6%         N/A       100%        6
 Discord                  Hex            6%         N/A       100%        8
 Disjunction              Tloc           6%         N/A       100%        8


Dungeon Overview and Level Annotations

Branches:
Dungeon (6/15)
 Temple: D:4-7

Altars:
Dithmenos
Kikubaaqudgha
Okawaru
Qazlal


Innate Abilities, Weirdness & Mutations

You are immune to sickness and miasma.
Your stone body is resilient. (AC +5)
You are immune to poison.
You resist negative energy. (rN+)
You are resistant to electric shocks. (rElec)
You are resistant to unholy torment.
You are immune to petrification.


Message History

The killer bee barely misses you. The killer bee stings you!
The killer bee stings you. The killer bee stings you.
Casting: Foxfire (safe; 2% risk of failure)
Press: ? - help, Q - select action, (/) - cycle Dir - look around, f - activate You feel a surge of power!
You conjure some foxfire!
The killer bee barely misses you. The killer bee misses you.
You miss the killer bee. The killer bee stings you.
The killer bee closely misses you.
You hit the killer bee.
The killer bee is moderately wounded.
The killer bee stings you. x2; The killer bee closely misses you.
You barely miss the killer bee.
The killer bee is moderately wounded.
The killer bee stings you. The killer bee closely misses you.
You hit the killer bee.
The killer bee is heavily wounded.
The killer bee stings you.
* * * LOW HITPOINT WARNING * * *
The killer bee stings you but does no damage.
Casting: Foxfire (safe; 2% risk of failure)
Confirm with . or Enter, or press ? or * to list all spells.
The spell is quite dangerous to cast (28% risk of failure)!
Continue anyway?
Okay, then.
Casting: Sticky Flame (quite dangerous; 28% risk of failure)
Confirm with . or Enter, or press ? or * to list all spells.
Aiming: Slow (safe; 9% risk of failure)
Press: ? - help, Shift-Dir - straight line, f - killer bee
Aim: a killer bee (heavily wounded, chance to affect: 57%)
The killer bee seems to slow down.
The killer bee stings you but does no damage.
The killer bee stings you.
* * * LOW HITPOINT WARNING * * *
The killer bee closely misses you. The killer bee stings you!
* * * LOW HITPOINT WARNING * * *
It was a potion of haste.
You feel yourself speed up. The killer bee closely misses you.
The killer bee stings you.
You die...

#..........# #.......####
#.......##############
#.............>.......
#.......######.########.........
#.####### #.# #......... #.# #.#
#......... #.############.##
#......... #.##..........y@#
......... #.##..........yy#
#....##
#.##............##########....##
#.##...............y............
#.##............##########....#.
#.##............# #....#.
#.##............# #....#.
#.##............# #......
#.##............# #....o.


You could see 3 killer bees.

Vanquished Creatures
  A black bear (D:4)
  An ogre (D:4)
  A centaur (D:6)
  A phantom (D:6)
  A scorpion (D:4)
  A water moccasin zombie (D:5)
  A killer bee (D:6)
  2 hounds (D:5)
  A jelly (D:5)
  2 orc priests (D:5)
  3 iguanas
  An orc wizard (D:4)
  7 adders
  2 white imps
  An adder skeleton (D:4)
  2 worms (D:3)
  3 dart slugs
  12 orcs
  3 ball pythons
  4 endoplasms
  5 giant cockroaches
  5 goblins
  10 hobgoblins
  3 jackals (D:4)
  4 kobolds (D:2)
  6 quokkas
  7 bats
  4 frilled lizards
  5 rats
99 creatures vanquished.

Vanquished Creatures (others)
  Sigmund (D:4)
  273 foxfires
  3 fungi (D:2)
  2 plants (D:2)
279 creatures vanquished.

Grand Total: 378 creatures vanquished

Notes
Turn   | Place    | Note
-------+----------+-------------------------------------------
     0 | D:1      | CuBeRJAN3 the Gargoyle Fire Elementalist began the quest
                  | for the Orb.
     0 | D:1      | Reached XP level 1. HP: 10/10 MP: 3/3
   270 | D:1      | Reached XP level 2. HP: 16/16 MP: 1/5
   492 | D:1      | Reached skill level 1 in Fighting
  1162 | D:2      | Reached XP level 3. HP: 20/20 MP: 4/6
  1202 | D:2      | Found a shadowy altar of Dithmenos.
  1280 | D:2      | Reached XP level 4. HP: 26/26 MP: 6/8
  1289 | D:2      | Learned a level 3 spell: Conjure Flame
  1293 | D:2      | Learned a level 3 spell: Inner Flame
  2018 | D:2      | Reached skill level 1 in Hexes
  2135 | D:2      | Found a faded altar of an unknown god.
  2478 | D:3      | Found an ancient bone altar of Kikubaaqudgha.
  2548 | D:3      | Reached XP level 5. HP: 17/30 MP: 9/9
  3030 | D:4      | Found a stormy altar of Qazlal.
  3035 | D:4      | Reached skill level 1 in Axes
  3282 | D:4      | Noticed Sigmund
  3305 | D:4      | Reached XP level 6. HP: 36/36 MP: 6/10
  3323 | D:4      | Learned a level 4 spell: Sticky Flame
  3348 | D:4      | Reached skill level 1 in Translocations
  3463 | D:4      | Noticed a black bear
  3474 | D:4      | Killed a black bear
  3618 | D:5      | Entered Level 5 of the Dungeon
  3847 | D:4      | Killed Sigmund
  3961 | D:4      | Reached XP level 7. HP: 28/41 MP: 12/12
  4580 | D:5      | Found an iron altar of Okawaru.
  5494 | D:5      | Learned a level 2 spell: Slow
  5671 | D:6      | Reached XP level 8. HP: 45/48 MP: 9/14
  5701 | D:6      | HP: 2/48 [killer bee (7)]
  5702 | D:6      | Slain by a killer bee

Illustrated notes

Levels and vault maps discovered:
D:1:      tarquinn_simple_flora_water_f, layout_basic
D:2:      layout_basic, shapermc_ecumenical_altar_hornbeckon, basic_altar
D:3:      layout_basic, mainiacjoe_overflow_brackets, feat_on_display
D:4:      layout_cave_pools, nicolae_qazlal_scattered_showers,
          nicolae_overflow_hidden_temple, corexii_leaking_fountain,
          nicolae_shop_gadgets, uniq_sigmund
D:5:      layout_loops_ring, lemuel_crystal_altar
D:6:      layout_basic, serial_shops, nicolae_shop_waterfront,
          minmay_misc_feat_five, serial_bayou_crossing

Skill      XL: |  1  2  3  4  5  6  7 |
---------------+----------------------+-----
Fighting       | 1 2 3 4 |  4.5
Hexes          | 1 2 |  2.0
Spellcasting   | 3 4 |  4.4
Conjurations   | 2 3 |  3.3
Axes           | 1 2 |  2.3
Translocations | 1 2 |  2.0
Fire Magic     | 4 |  4.2
Dodging        | |  1.5
Stealth        | |  2.1

Action                   |  1- 3 |  4- 6 |  7- 9 || total
-------------------------+-------+-------+-------++-------
Melee: Unarmed           |     1 |       |       ||     1
       Hand axe          |     8 |    94 |    68 ||   170
 Cast: Foxfire           |    47 |    91 |    29 ||   167
       Inner Flame       |       |     5 |     1 ||     6
       Conjure Flame     |       |     1 |       ||     1
       Sticky Flame      |       |       |     1 ||     1
       Slow              |       |       |     1 ||     1
  Use: Scroll            |     1 |     6 |     4 ||    11
       Potion            |       |     1 |     1 ||     2
 Stab: Sleeping          |       |     1 |       ||     1
Armor: Robe              |     4 |    30 |    23 ||    57
Dodge: Dodged            |    10 |    66 |    50 ||   126
